 Dungeon Crawl Stone Soup version 0.22-a0-265-g0d8bc90 (webtiles) character file.

10377 Zwobot the Nimble (level 11, -14/70 HPs)
             Began as an Octopode Arcane Marksman on Mar 6, 2018.
             Was an Initiate of Gozag.
             Killed from afar by PeterMcNeter's ghost (42 damage)
             ... with a fireball
             ... on level 1 of the Lair of Beasts.
             The game lasted 00:55:37 (14351 turns).

Zwobot the Nimble (Octopode Arcane Marksman)       Turns: 14351, Time: 00:55:37

Health: -14/70     AC:  4    Str: 15    XL:     11   Next: 61%
Magic:  10/17      EV: 20    Int: 24    God:    Gozag
Gold:   394        SH: 12    Dex: 15    Spells: 7/18 levels left

rFire    . . .     SeeInvis +   o - +3 dagger (distort)
rCold    + . .     Gourm    .   P - +2 buckler {AC+3}
rNeg     . . .     Faith    .   (helmet restricted)
rPois    .         Spirit   .   p - +5 amulet of reflection
rElec    .         Reflect  +   s - +3 ring of intelligence
rCorr    +         Harm     .   y - ring of wizardry
MR       .....                  B - ring of resist corrosion
Stlth    +++++.....             g - ring "Diob" {rC+ Str+3 Int+4}
HPRegen  0.21/turn              j - ring of see invisible
MPRegen  0.15/turn              l - +3 ring of strength
                                (no ring)
                                (no ring)

@: gold aura
A: almost no armour, stealthy swim, amphibious, 8 rings, constrict 8, camouflage
1, gelatinous body 1
a: Potion Petition, Call Merchant, Bribe Branch, Renounce Religion


You were on level 1 of the Lair of Beasts.
You worshipped Gozag.
Gozag was aware of your devotion.
You were not hungry.

You visited 2 branches of the dungeon, and saw 13 of its levels.

You collected 2655 gold pieces.
You spent 620 gold pieces at shops.
You paid 1641 gold pieces to Gozag.

Inventory:

Hand Weapons
 k - a +0 whip of electrocution
 o - a +3 dagger of distortion (weapon)
 q - a +0 spear
 C - the +8 whip "Ganluuma" {flame, rElec MR+++ Str-4 Dex-2, unknown}
   (You found it on level 4 of the Dungeon)

   It has been specially enchanted to burn those struck by it, causing extra
   injury to most foes and up to half again as much damage against particularly
   susceptible opponents.
   It affects your strength (-4).
   It affects your dexterity (-2).
   It insulates you from electricity.
   It affects your resistance to hostile enchantments.
 K - a cursed +0 rapier
 S - a +2 rapier of draining
Missiles
 f - 3 javelins (quivered)
 h - 522 stones
 m - 135 sling bullets
 x - 228 arrows
 F - 8 tomahawks
 G - 4 tomahawks of returning
 O - 8 curare-tipped needles
 V - 3 poisoned tomahawks
 W - 5 silver javelins
Armour
 P - a +2 buckler of protection (worn)
Jewellery
 g - the ring "Diob" (on tentacle) {rC+ Str+3 Int+4}
   (You acquired it on level 11 of the Dungeon)

   [ring of strength]

   It affects your strength (+3).
   It affects your intelligence (+4).
   It protects you from cold.
 i - an uncursed ring of fire
 j - a ring of see invisible (on tentacle)
 l - a +3 ring of strength (on tentacle)
 p - a +5 amulet of reflection (around mantle)
 s - a +3 ring of intelligence (left tentacle)
 y - a ring of wizardry (right tentacle)
 B - a ring of resist corrosion (on tentacle)
Wands
 a - a wand of iceblast (2)
 T - a wand of disintegration (12)
 U - a wand of acid (11)
Scrolls
 c - a scroll of brand weapon
 e - 6 scrolls of remove curse
 r - 10 scrolls of amnesia
 t - 2 scrolls of magic mapping
 v - a scroll of blinking
 w - 5 scrolls of teleportation
Potions
 b - 2 potions of magic {unknown}
 n - 4 potions of agility
 u - 6 potions of curing
 A - 2 potions of mutation
 E - 3 potions of haste
 H - 2 potions of flight
 L - 2 potions of might
 N - a potion of ambrosia {unknown}
 Q - 6 potions of brilliance
 R - a potion of invisibility
 X - 2 potions of heal wounds
 Y - 3 potions of lignification {unknown}
Comestibles
 d - 11 rations


   Skills:
 + Level 4.9 Fighting
 * Level 7.3 Short Blades
 - Level 3.2 Throwing
 + Level 10.3 Dodging
 - Level 7.0 Stealth
 - Level 4.0 Shields
 - Level 4.0 Spellcasting
 - Level 6.1 Hexes
 + Level 3.4 Transmutations
 - Level 5.9 Evocations


You had 7 spell levels left.
You knew the following spells:

 Your Spells              Type           Power        Failure   Level  Hunger
a - Corona                Hex            ####...      1%          1    None
b - Sticks to Snakes      Tmut           ###.....     1%          2    #......
c - Slow                  Hex            ####....     1%          2    #......
d - Apportation           Tloc           #.....       4%          1    None
e - Summon Small Mammal   Summ           #...         4%          1    None
f - Cause Fear            Hex            ####......   3%          4    ####...


Dungeon Overview and Level Annotations

Branches:
Dungeon (12/15)            Temple (0/1) D:7            Lair (1/6) D:11
    Orc (0/2) D:10

Altars:
Dithmenos
Fedhas
Gozag
Hepliaklqana
Nemelex Xobeh
Vehumet
Xom
Yredelemnul

Shops:
D:4 [   D:6 (   D:11 :=

Portals:
Ice
Cave: Lair:1

Annotations:
D:3 exclusion: centaur, Grinder
D:4 exclusion: Menkaure
Lair:1 PeterMcNeter's ghost, journeyman TeAE


Innate Abilities, Weirdness & Mutations

You cannot wear most types of armour.
You are very stealthy in the water. (Stealth+)
You are amphibious.
You can wear up to eight rings at the same time.
You can use your tentacles to constrict eight enemies at once.
Your skin changes colour to match your surroundings (Stealth+).
Your rubbery body absorbs attacks. (AC +1, EV +1)


Message History

You create a snake!
You now have 229 arrows.
PeterMcNeter's ghost gestures at you while chanting.
The fireball explodes!
The fireball engulfs your ball python.
Your ball python dies!
The fireball engulfs you!
Ouch! That really hurt!
The fireball engulfs your ball python.
Your ball python dies!
The fireball engulfs your ball python.
Your ball python dies!
Casting: Sticks to Snakes (safe; 1% risk of failure)
Confirm with . or Enter, or press ? or * to list all spells.
You create a snake!
You now have 228 arrows.
A bullfrog comes into view.
PeterMcNeter's ghost threatens, "Do not fail me, O fires of Iskenderun!"
PeterMcNeter's ghost gestures at you while chanting.
The fireball explodes!
The fireball engulfs you!
Ouch! That really hurt!
You die...
Your body crumbles into a pile of gold.

####.......###.###
##.............
......
###...........
......#
####.......##.#
.......
##.#......######
.Y.....
##.#.....#.# ##
.>.... #.......####
#. F.....##.....###
## #..@...###
####....##
#.....###
##%...#..# #
###...#.....# #
#.WS.#........ #.
#...$............
#.
#.................
..
W..................


You could see a yak (wandering), a bullfrog (wandering), PeterMcNeter's ghost
and a friendly ball python.

Vanquished Creatures
  Pikel (D:4)
  An ugly thing (D:12)
  A cyclops (D:12)
  A spiny frog (Lair:1)
  A gargoyle (D:11)
  Joseph (D:8)
  A kobold demonologist (D:12)
  A komodo dragon (D:12)
  A troll (D:11)
  A hippogriff (D:11)
  2 wyverns
  2 wraiths
  4 yaks
  4 vampire mosquitoes (D:12)
  2 hungry ghosts
  Menkaure (D:4)
  An acid dragon (D:11)
  2 water moccasins
  2 sky beasts
  5 ice beasts
  A necrophage (D:10)
  2 phantoms
  A wolf (D:9)
  3 ogres
  5 centaurs
  A crocodile (D:8)
  4 bullfrogs
  A gnoll sergeant (D:6)
  6 wights
  7 killer bees
  A howler monkey (D:5)
  5 crimson imps
  2 bullfrog zombies
  4 orc priests
  A centaur skeleton (D:9)
  A centaur zombie (D:9)
  2 jellies
  9 hounds
  2 bullfrog skeletons
  5 orc wizards
  An iguana (D:4)
  Ijyb (D:4)
  5 worker ants
  6 ogre zombies (D:10)
  2 hound skeletons
  A worker ant zombie (D:5)
  4 gnolls
  9 adders
  A river rat (D:9)
  4 shadow imps
  5 adder zombies
  A dart slug (D:6)
  4 leopard geckos
  41 orcs
  7 bats
  5 giant cockroaches
  9 goblins
  12 hobgoblins
  13 jackals
  6 quokkas
  6 frilled lizards
  A goblin skeleton (D:10)
  2 goblin zombies (D:10)
  A hobgoblin skeleton (D:10)
  5 hobgoblin zombies (D:10)
  9 kobolds
  A leopard gecko zombie (D:8)
  An orc skeleton (D:10)
  13 orc zombies (D:10)
  6 rats
280 creatures vanquished.

Vanquished Creatures (collateral kills)
  A yak (Lair:1)
  A soldier ant (D:12)
  A black bear (D:12)
  An ice beast (D:12)
  A hobgoblin skeleton (D:10)
5 creatures vanquished.

Vanquished Creatures (others)
  5 dream sheep (D:8)
  A wraith (D:12)
  A yak (D:9)
  A hungry ghost (D:10)
  An ice beast (D:9)
  2 killer bees
  A troll zombie (D:10)
  2 wights (D:8)
  A jelly (D:6)
  A hound (D:9)
  An iguana (D:6)
  An ogre zombie (D:10)
  An adder (D:12)
  A shadow imp (D:6)
  3 orcs
  2 gnoll zombies (D:4)
  A jackal (D:11)
26 creatures vanquished.

Grand Total: 311 creatures vanquished

Notes
Turn   | Place    | Note
-------+----------+-------------------------------------------
     0 | D:1      | Zwobot the Octopode Arcane Marksman began the quest for the Orb.
     0 | D:1      | Reached XP level 1. HP: 13/13 MP: 2/2
   294 | D:1      | Reached XP level 2. HP: 19/19 MP: 3/3
   411 | D:1      | You fall through a shaft!
   460 | D:2      | Reached XP level 3. HP: 10/25 MP: 4/4
   872 | D:2      | Found a sparkling altar of Nemelex Xobeh.
   929 | D:1      | Reached skill level 1 in Stealth
  1614 | D:2      | Reached XP level 4. HP: 28/30 MP: 5/5
  1622 | D:2      | Reached skill level 1 in Short Blades
  1695 | D:2      | Found an opulent altar of Gozag.
  1698 | D:2      | Became a worshipper of Gozag Ym Sagoz the Greedy
  1824 | D:2      | Found a radiant altar of Vehumet.
  2178 | D:2      | Found a blossoming altar of Fedhas.
  2303 | D:3      | Noticed Grinder
  2360 | D:3      | Found a faded altar of an unknown god.
  2464 | D:3      | Noticed a centaur
  2934 | D:3      | Reached XP level 5. HP: 36/36 MP: 6/6
  3365 | D:5      | Entered Level 5 of the Dungeon
  4085 | D:4      | Got an encrusted whip
  4086 | D:4      | Noticed Menkaure
  4283 | D:4      | Noticed Ijyb
  4471 | D:4      | Reached XP level 6. HP: 23/41 MP: 7/7
  4480 | D:4      | Killed Ijyb
  4690 | D:4      | Paralysed by an orc for 7 turns
  4704 | D:4      | Reached skill level 5 in Stealth
  4906 | D:4      | Found Lausiunn's Antique Armour Emporium.
  4918 | D:4      | Reached skill level 1 in Evocations
  4956 | D:4      | Noticed a slave
  4957 | D:4      | Noticed a slave
  4957 | D:4      | Noticed Pikel
  4960 | D:4      | Noticed a slave
  4979 | D:4      | Killed Pikel
  4979 | D:4      | Reached skill level 5 in Evocations
  4979 | D:4      | Reached XP level 7. HP: 45/45 MP: 7/11
  5112 | D:4      | Found a basalt altar of Yredelemnul.
  5688 | D:5      | Reached XP level 8. HP: 49/52 MP: 12/12
  6128 | D:6      | Found Ippao's Antique Weapon Shoppe.
  6520 | D:6      | Found a hazy altar of Hepliaklqana.
  6562 | D:6      | Reached skill level 3 in Dodging
  7238 | D:6      | Learned a level 4 spell: Cause Fear
  7623 | D:7      | Reached skill level 5 in Hexes
  7634 | D:7      | Learned a level 2 spell: Slow
  7636 | D:7      | Learned a level 1 spell: Summon Small Mammal
  7638 | D:7      | Learned a level 1 spell: Apportation
  7713 | D:7      | Reached XP level 9. HP: 44/58 MP: 13/13
  8001 | D:7      | Found a staircase to the Ecumenical Temple.
  8462 | D:4      | Killed Menkaure
  8462 | D:4      | Reached skill level 5 in Short Blades
  8729 | D:8      | Reached skill level 1 in Shields
  8864 | D:8      | Noticed Joseph
  8878 | D:8      | Killed Joseph
  8878 | D:8      | Reached skill level 4 in Dodging
  9210 | D:8      | Reached skill level 5 in Dodging
  9367 | D:8      | Reached skill level 6 in Dodging
  9779 | D:8      | Got a pitted lead amulet
  9780 | D:8      | Identified the amulet "Etogu" {Harm *Drain +Blink rPois rC- Stlth-} (You found it on level 8 of the Dungeon)
  9963 | D:8      | Reached XP level 10. HP: 64/64 MP: 14/14
  9972 | D:8      | Reached skill level 7 in Dodging
 10126 | D:8      | Found a shimmering altar of Xom.
 10482 | D:9      | Reached skill level 8 in Dodging
 10643 | D:9      | Found a shadowy altar of Dithmenos.
 10883 | D:9      | Reached skill level 9 in Dodging
 11088 | D:10     | Entered Level 10 of the Dungeon
 11354 | D:10     | Found a staircase to the Orcish Mines.
 11515 | D:10     | Reached skill level 10 in Dodging
 12500 | D:11     | Identified a scroll of acquirement
 12503 | D:11     | Got a smoking platinum ring
 12504 | D:11     | Identified the ring "Diob" {rC+ Str+3 Int+4} (You acquired it on level 11 of the Dungeon)
 12506 | D:11     | Bought an uncursed ring of see invisible for 270 gold pieces
 12509 | D:11     | Bought a book of Changes for 350 gold pieces
 12512 | D:11     | Learned a level 2 spell: Sticks to Snakes
 12533 | D:11     | Noticed a gargoyle
 12535 | D:11     | Killed a gargoyle
 12535 | D:11     | Reached skill level 1 in Transmutations
 12535 | D:11     | Reached XP level 11. HP: 69/69 MP: 15/15
 12704 | D:11     | Found a staircase to the Lair.
 12765 | D:12     | Noticed a purple ugly thing
 12787 | D:12     | Killed a purple ugly thing
 13397 | D:12     | Noticed a cyclops
 13433 | D:12     | Noticed a manticore
 13458 | D:12     | Killed a cyclops
 13863 | Lair:1   | Entered Level 1 of the Lair of Beasts
 13928 | Lair:1   | Found a frozen archway.
 14342 | Lair:1   | Noticed PeterMcNeter's ghost (journeyman TeAE)
 14351 | Lair:1   | Killed from afar by PeterMcNeter's ghost

Vault maps used:
D:1:      dpeg_arrival_simpleton_c
D:2:      lemuel_doored_altar, vehumet_crystals, lemuel_round_altar,
          serial_bayou_lagoon_a, grunt_ministairs_1,
          nemelex_xobeh_ov_fountains_minmay
D:3:      first_ration, chequers_ecumenical_altar_island, minmay_misc_feat_iff,
          roderic_malta_cross, serial_bayou_pond_c, supply_closet_lemuel,
          uniq_grinder
D:4:      lemuel_zombie_altar_yredelemnul, serial_shops, shop, uniq_menkaure,
          uniq_ijyb, uniq_pikel
D:5:      dk_noncrumbling_3, minmay_misc_feat_nine_boxes
D:6:      kennysheep_mini_moat, serial_shops, nicolae_shop_overgrown_old_shop
D:7:      minmay_temple_entry_mist
D:8:      kb_xom_exploding_sheep, uniq_joseph
D:9:      nicolae_dithmenos_shadow_blocks
D:10:     zombieorc2_lemuel, serial_bayou_crossing, uniq_psyche
D:11:     lair_entry_dummy
Lair:1:   portal_ice_cave_entry_ice_beasts

Skill      XL: |  1  2  3  4  5  6  7  8  9 10 11 |
---------------+----------------------------------+-----
Fighting       | 2 3 4 |  4.9
Stealth        | 2 3 4 5 7 |  7.0
Short Blades   | 1 3 4 5 6 7 |  7.3
Evocations     | 5 |  5.9
Throwing       | 3 |  3.2
Dodging        | 3 6 10 | 10.3
Hexes          | 5 6 |  6.1
Shields        | 4 |  4.0
Transmutations | 1 3 |  3.4
Spellcasting   | 4 |  4.0

Action                   |  1- 3 |  4- 6 |  7- 9 | 10-12 || total
-------------------------+-------+-------+-------+-------++-------
Melee: Unarmed           |    41 |       |       |       ||    41
       Tentacles         |    13 |    19 |    47 |    78 ||   157
       Constrict         |    21 |    34 |    56 |    52 ||   163
       Dagger            |    34 |   139 |   245 |   415 ||   833
Throw: Javelin           |    14 |     5 |     8 |    15 ||    42
       Throwing net      |     4 |       |     3 |       ||     7
       Tomahawk          |       |     2 |    17 |     8 ||    27
       Stone             |       |       |     8 |       ||     8
 Cast: Cause Fear        |       |       |     3 |     6 ||     9
       Summon Small Mamm |       |       |    13 |    29 ||    42
       Slow              |       |       |     2 |     1 ||     3
       Sticks to Snakes  |       |       |       |    53 ||    53
Invok: Call Merchant     |       |       |       |     2 ||     2
Evoke: Wand              |       |     2 |    20 |    17 ||    39
  Use: Scroll            |     3 |     4 |    14 |     9 ||    30
       Potion            |       |     3 |     2 |       ||     5
 Stab: Sleeping          |     7 |    14 |    14 |    12 ||    47
       Paralysed         |       |       |     6 |       ||     6
       Held in net/web   |       |       |     1 |       ||     1
       Distracted        |       |       |     2 |     8 ||    10
       Betrayed ally     |       |       |       |     1 ||     1
  Eat: Chunk             |     2 |     1 |       |       ||     3
       Ration            |       |     4 |     4 |     7 ||    15
Armor: Skin              |     6 |     9 |     3 |    12 ||    30
Dodge: Dodged            |    46 |    72 |    64 |   159 ||   341
Block: Other             |       |       |    15 |       ||    15
       Reflection        |       |       |     6 |     3 ||     9
       Buckler           |       |       |    47 |   130 ||   177

Table legend:
 A = Spawn XP
 B = Non-spawn XP
 C = Spawn XP percentage of total XP
 D = Spawn monster count
 E = Non-spawn monster count
 F = Spawn count percentage of total count
 G = Total turns spent on level
                    A         B        C        D         E        F      G
               +---------+---------+-------+---------+---------+-------+---------
         Total |       0 |   14825 |   0.0 |       0 |     304 |   0.0 | 14351
               +---------+---------+-------+---------+---------+-------+---------
           D:1 |       0 |      53 |   0.0 |       0 |      24 |   0.0 |  1054
           D:2 |       0 |      90 |   0.0 |       0 |      27 |   0.0 |  1393
           D:3 |       0 |      33 |   0.0 |       0 |      17 |   0.0 |   913
           D:4 |       0 |     999 |   0.0 |       0 |      14 |   0.0 |  1609
           D:5 |       0 |     303 |   0.0 |       0 |      17 |   0.0 |  1431
           D:6 |       0 |     719 |   0.0 |       0 |      23 |   0.0 |  1352
           D:7 |       0 |     552 |   0.0 |       0 |      13 |   0.0 |   963
           D:8 |       0 |    2122 |   0.0 |       0 |      40 |   0.0 |  1651
           D:9 |       0 |    1569 |   0.0 |       0 |      28 |   0.0 |   722
          D:10 |       0 |    1599 |   0.0 |       0 |      45 |   0.0 |   879
          D:11 |       0 |    1628 |   0.0 |       0 |      17 |   0.0 |   835
          D:12 |       0 |    3843 |   0.0 |       0 |      32 |   0.0 |  1061
        Lair:1 |       0 |    1315 |   0.0 |       0 |       7 |   0.0 |   488
               +---------+---------+-------+---------+---------+-------+---------
